 Dungeon Crawl Stone Soup version 0.30.0-29-ga12c61a403 (webtiles) character file.

Game seed: 9497784620315174865

12924 Dadbod the Basher (level 12, -1/91 HPs)
             Began as a Formicid Fighter on June 6, 2023.
             Was a High Priest of Okawaru.
             Shot with an arrow by Nessos (21 damage)
             ... on level 3 of the Lair of Beasts on June 7, 2023.
             The game lasted 00:45:22 (10837 turns).

Dadbod the Basher (Formicid Fighter)               Turns: 10837, Time: 00:45:22

Health: -1/91      AC: 24    Str: 26    XL:     12   Next: 26%
Magic:  16/16      EV:  5    Int: 14    God:    Okawaru [*****.]
Gold:   527        SH:  0    Dex: 13    Spells: 11/11 levels left

rFire   . . .        u - +5 giant spiked club (spect)
rCold   + + .        (shield currently unavailable)
rNeg    . . .        n - +0 crystal plate armour
rPois   .            (helmet unavailable)
rElec   .            w - +0 cloak
rCorr   +            v - +2 pair of gloves
SInv    +            (no boots)
Will    +....        (no amulet) Stlth
                     f - +6 ring of intelligence
HPRegen 0.35/turn    x - ring of resist corrosion
MPRegen 0.15/turn

%: no passive effects
@: no status effects
A: permanent stasis, dig shafts and tunnels, antennae 3, four strong arms, cold
resistance 2, noise suppression
a: Dig, Shaft Self, Renounce Religion, Heroism, Finesse, Duel


You were on level 3 of the Lair of Beasts.
You worshipped Okawaru.
Okawaru was extremely pleased with you.
You visited 2 branches of the dungeon, and saw 12 of its levels.

You collected 741 gold pieces.
You spent 214 gold pieces at shops.

Inventory:

Hand Weapons
 a - a +0 flail
 u - a +5 spectral giant spiked club (weapon)
 H - a +2 flail of protection
Missiles
 e - a throwing net
 g - 30 poisoned darts
 r - 22 boomerangs
 A - a silver javelin
 E - 2 javelins (quivered)
 J - 2 atropa-tipped darts
Armour
 b - a +2 robe of positive energy
 c - a +0 buckler
 h - a +2 robe of resistance
 n - a +0 crystal plate armour (worn)
 v - a +2 pair of gloves (worn)
 w - a +0 cloak (worn)
 y - +0 acid dragon scales
 M - the +0 cloak "Desiw" {Harm Str+3 Int+3 Dex-5}
   (Okawaru gifted it to you on level 2 of the Lair of Beasts)

   Str:       It affects your strength (+3).
   Int:       It affects your intelligence (+3).
   Dex:       It affects your dexterity (-5).
   Harm:      It increases damage dealt and taken.
Jewellery
 f - a +6 ring of intelligence (left hand)
 j - a ring of fire
 o - a ring of protection from cold
 x - a ring of resist corrosion (right hand)
 N - a ring of ice
Wands
 k - a wand of roots (3)
 p - a wand of digging (10)
 q - a wand of polymorph (8)
 C - a wand of flame (8)
 D - a wand of mindburst (13)
 L - a wand of quicksilver (6)
Scrolls
 d - 6 scrolls of fog
 l - a scroll of enchant armour
 m - a scroll of enchant weapon
 t - 4 scrolls of fear
 F - a scroll of poison
 I - 3 scrolls of identify
 K - a scroll of amnesia
Potions
 i - a potion of heal wounds
 s - 2 potions of lignification
 z - a potion of invisibility


   Skills:
 * Level 7.5 Fighting
 * Level 13.0 Maces & Flails
 * Level 5.7 Throwing
 * Level 8.7 Armour
 + Level 0.1 Stealth
 - Level 5.9 Shields
 * Level 6.3 Invocations
 * Level 5.3 Evocations


You had 11 spell levels left.
You didn't know any spells.
Your spell library contained the following spells:

 Spells                   Type           Power      Damage    Failure   Level
 Apportation              Tloc           0%         N/A       100%        1
 Freeze                   Ice            0%         1d3       100%        1
 Magic Dart               Conj           0%         1d3       100%        1
 Necrotise                Necr           0%         1d4       100%        1
 Ensorcelled Hibernation  Hex/Ice        0%         N/A       100%        2
 Lesser Beckoning         Tloc           0%         N/A       100%        2
 Passwall                 Tmut/Erth      0%         N/A       100%        2
 Searing Ray              Conj           0%         2d4       100%        2
 Dazzling Flash           Conj/Hex       0%         N/A       100%        3
 Frozen Ramparts          Ice            0%         1d1       100%        3
 Gell's Gravitas          Tloc           0%         N/A       100%        3
 Hailstorm                Conj/Ice       0%         3d3       100%        3
 Portal Projectile        Hex/Tloc       0%         N/A       100%        3
 Teleport Other           Tloc           0%         N/A       100%        3
 Fulminant Prism          Conj/Hex       0%         3d5       100%        4
 Petrify                  Tmut/Erth      0%         N/A       100%        4
 Metabolic Englaciation   Hex/Ice        0%         N/A       100%        5
 Conjure Ball Lightning   Conj/Air       0%         3x3d6     100%        6
 Statue Form              Tmut/Erth      0%         N/A       100%        6
 Summon Small Mammal      Summ           Unusable   N/A       N/A         1
 Swiftness                Air            Unusable   N/A       N/A         3

Dungeon Overview and Level Annotations

Branches:
Dungeon (9/15)             Temple (0/1) D:6            Lair (3/5) D:8
 Shoals (0/4) Lair:2       Spider (0/4) Lair:2
    Orc: D:9-12

Altars:
Makhleb
Nemelex Xobeh
Okawaru
Sif Muna
Uskayaw
Vehumet
Xom
Zin

Shops:
D:1 [

Annotations:
Lair:3 Nessos


Innate Abilities, Weirdness & Mutations

You cannot be hasted, slowed, berserked, paralysed or teleported.
You can dig through walls and to a lower floor.
You have a pair of large antennae on your head. (SInv)
Your four strong arms can wield two-handed weapons with a shield.
Your flesh is very cold resistant. (rC++)
You passively dampen the noise of your surroundings.


Message History

Nessos is moderately wounded.
Your +5 spectral giant spiked club hits Nessos!
You feel sick. Nessos hits you but does no damage.
Nessos kicks you but does no damage. Nessos hits you but does no damage.
Nessos kicks you but does no damage.
You hit Nessos.
Nessos is heavily wounded.
Your +5 spectral giant spiked club hits Nessos!
You feel sick. Nessos hits you! Nessos barely misses you. x2
Nessos kicks you but does no damage.
You hit Nessos but do no damage.
Nessos is severely wounded.
Your +5 spectral giant spiked club barely misses Nessos.
You feel sick.
You are no longer poisoned.
Nessos stands on their hind legs for a moment.
Nessos mumbles some strange words.
Nessos blinks!
Your +5 spectral giant spiked club disappears.
Nessos barely misses you. Nessos kicks you but does no damage.
Nessos casts a spell.
Nessos blinks!
Throw: 3 javelins
Press: ? - help, Q - select action, (/) - cycle Shift-Dir - straight line, f/p - Nessos
Aim: Nessos, wearing a +0 barding (severely wounded, fast, very poisoned, slow, 73% to hit)
You throw a javelin.
The javelin pierces through Nessos but does no damage.
Nessos is severely wounded.
Nessos wields a +2 longbow of flaming.
It bursts into flame!
Nessos shoots an arrow.
The arrow hits you! The arrow burns you.
You are poisoned.
Nessos shoots an arrow.
The arrow hits you!!
* * * LOW HITPOINT WARNING * * *
The arrow burns you.
You are lethally poisoned!
* * * LOW HITPOINT WARNING * * *
You feel better.
Nessos intently looks at you, slowly moving their tail.
Nessos shoots an arrow.
The arrow hits you!!
You die...

..................
............<.......
.........#.#c.......
.........†#.........
..?.................
....................
....!....§§.........
.......§§§§§........
.......@§§§.....P...
..P..§§§§§§§>.PP....
.PP....§.§§§.......
..#......§§........
...................
...........§.......
.(#.##P$...........
..#. ##............
. .............


You could see Nessos (fast, very poisoned, slow).

Vanquished Creatures
  Fannar (Lair:2)
  A centaur warrior (D:9)
  Erica (D:8)
  An ugly thing (D:8)
  4 merfolk sirens (Lair:2)
  Maurice (D:8)
  3 cane toads
  A komodo dragon (Lair:1)
  A shadow (D:9)
  4 wyverns
  14 yaks
  A basilisk (Lair:2)
  2 acid dragons (D:9)
  2 water moccasins
  4 orc warriors
  A sky beast (D:7)
  2 ice beasts
  4 black bears
  2 ogres
  A centaur (D:9)
  11 wolves
  Blork the orc (D:6)
  3 kobold brigands
  4 phantoms
  7 bullfrogs
  A scorpion (D:6)
  4 killer bees (D:9)
  A howler monkey (D:5)
  5 jellies
  3 hounds
  7 orc priests
  2 sleepcaps
  2 gnoll boudas
  4 iguanas
  7 orc wizards
  11 gnolls
  10 adders
  2 shadow imps
  A white imp (D:5)
  An ufetubus (D:5)
  2 worms
  37 orcs
  5 endoplasms
  4 giant cockroaches
  12 goblins
  6 hobgoblins
  A jackal (D:5)
  25 kobolds
  4 quokkas
  6 ball pythons
  7 bats
  4 frilled lizards
  4 rats
255 creatures vanquished.

Notes
Turn   | Place    | Note
-------+----------+-------------------------------------------
     0 | D:1      | Dadbod the Formicid Fighter began the quest for the Orb.
     0 | D:1      | Reached XP level 1. HP: 18/18 MP: 1/1
   120 | D:1      | Reached XP level 2. HP: 20/24 MP: 2/2
   249 | D:1      | Found a faded altar of an unknown god.
   524 | D:1      | Reached XP level 3. HP: 7/29 MP: 3/3
   622 | D:1      | Found Muquynyc's Armour Boutique.
  1221 | D:2      | Found a shimmering blue altar of Sif Muna.
  1329 | D:2      | Reached skill level 3 in Maces & Flails
  1329 | D:2      | Reached XP level 4. HP: 17/36 MP: 4/4
  1370 | D:2      | Gained mutation: You passively dampen the noise of your
                  | surroundings. [potion of mutation]
  1370 | D:2      | Gained mutation: Your flesh is cold resistant. (rC+)
                  | [potion of mutation]
  1370 | D:2      | Gained mutation: Your flesh is very cold resistant. (rC++)
                  | [potion of mutation]
  1567 | D:2      | Reached XP level 5. HP: 41/41 MP: 5/5
  1621 | D:2      | Reached skill level 4 in Maces & Flails
  2096 | D:3      | Got the Anthology of Star-crossed Vapour
  2383 | D:3      | Found a hide-covered altar of Uskayaw.
  2383 | D:3      | Found a glowing silver altar of Zin.
  2474 | D:4      | Noticed a phantom
  2489 | D:4      | Killed a phantom
  2490 | D:4      | Reached XP level 6. HP: 46/48 MP: 6/6
  2606 | D:4      | Reached skill level 5 in Maces & Flails
  2714 | D:4      | Noticed a black bear
  2723 | D:4      | Killed a black bear
  2724 | D:4      | Reached skill level 1 in Throwing
  2724 | D:4      | Reached XP level 7. HP: 52/53 MP: 7/7
  2823 | D:4      | Found an iron altar of Okawaru.
  2844 | D:4      | Became a worshipper of Warmaster Okawaru
  2984 | D:1      | Bought a +2 pair of gloves for 214 gold pieces
  3050 | D:5      | Entered Level 5 of the Dungeon
  3135 | D:4      | Reached skill level 5 in Shields
  3434 | D:5      | Found a shimmering altar of Xom.
  3780 | D:5      | Reached skill level 6 in Maces & Flails
  3999 | D:5      | Reached * piety under Okawaru
  4065 | D:5      | Reached XP level 8. HP: 57/60 MP: 8/8
  4169 | D:5      | Reached skill level 5 in Armour
  4477 | D:5      | Reached skill level 7 in Maces & Flails
  4831 | D:6      | Found a burning altar of Makhleb.
  4848 | D:6      | Reached skill level 1 in Evocations
  4927 | D:6      | Reached skill level 1 in Invocations
  5039 | D:6      | Noticed Blork the orc
  5051 | D:6      | Killed Blork the orc
  5291 | D:6      | Reached ** piety under Okawaru
  5442 | D:6      | Reached XP level 9. HP: 66/66 MP: 10/10
  5498 | D:6      | Found a staircase to the Ecumenical Temple.
  5657 | D:7      | Reached skill level 8 in Maces & Flails
  6082 | D:7      | Identified a scroll of acquirement
  6083 | D:7      | Acquired a +5 spectral giant spiked club
  6114 | D:7      | Reached skill level 5 in Fighting
  6379 | D:7      | Reached *** piety under Okawaru
  6384 | D:7      | Received a gift from Okawaru
  6545 | D:8      | Noticed Erica
  6552 | D:8      | Killed Erica
  6552 | D:8      | Reached **** piety under Okawaru
  6553 | D:8      | Reached skill level 9 in Maces & Flails
  6553 | D:8      | Reached XP level 10. HP: 47/74 MP: 12/12
  6696 | D:8      | Noticed a brown ugly thing
  6699 | D:8      | Killed a brown ugly thing
  6699 | D:8      | Received a gift from Okawaru
  6774 | D:8      | Reached skill level 10 in Maces & Flails
  6895 | D:8      | Found a sparkling altar of Nemelex Xobeh.
  7206 | D:8      | Found a staircase to the Lair.
  7223 | D:8      | Noticed Maurice
  7235 | D:8      | Killed Maurice
  7558 | D:8      | Received a gift from Okawaru
  7837 | D:9      | Reached skill level 11 in Maces & Flails
  7887 | D:9      | Reached ***** piety under Okawaru
  7888 | D:9      | Reached XP level 11. HP: 30/81 MP: 14/14
  8372 | D:9      | Found a radiant altar of Vehumet.
  8477 | D:9      | Received a gift from Okawaru
  8547 | D:9      | Reached skill level 5 in Invocations
  8590 | D:9      | Noticed a centaur warrior
  8597 | D:9      | Killed a centaur warrior
  8598 | D:9      | Reached skill level 5 in Throwing
  8841 | Lair:1   | Entered Level 1 of the Lair of Beasts
  8841 | Lair:1   | You fall into a shaft and drop 1 floor!
  8891 | Lair:2   | Found a hole to the Spider Nest.
  8940 | Lair:2   | Reached skill level 12 in Maces & Flails
  9067 | Lair:1   | Received a gift from Okawaru
  9727 | Lair:1   | Identified the +9 dagger "Totzuiw" {heavy, Will- Dex+4}
  9867 | Lair:2   | Noticed a merfolk siren
  9876 | Lair:2   | Killed a merfolk siren
  9880 | Lair:2   | Found a staircase to the Shoals.
  9905 | Lair:2   | Noticed a merfolk siren
  9909 | Lair:2   | Killed a merfolk siren
  9924 | Lair:2   | Noticed a merfolk siren
  9924 | Lair:2   | Noticed a merfolk siren
  9928 | Lair:2   | Killed a merfolk siren
  9928 | Lair:2   | Identified the +0 cloak "Desiw" {Harm Str+3 Int+3 Dex-5}
                  | (Okawaru gifted it to you on level 2 of the Lair of Beasts)
  9928 | Lair:2   | Received a gift from Okawaru
  9929 | Lair:2   | Reached skill level 5 in Evocations
  9931 | Lair:2   | Killed a merfolk siren
 10134 | Lair:2   | Reached XP level 12. HP: 89/91 MP: 16/16
 10429 | Lair:3   | Noticed Fannar
 10437 | Lair:2   | Killed Fannar
 10449 | Lair:2   | HP: 4/91 [poisoned by a cane toad]
 10804 | Lair:3   | Reached skill level 13 in Maces & Flails
 10823 | Lair:3   | Noticed Nessos
 10837 | Lair:3   | Shot with an arrow by Nessos

Illustrated notes

Levels and vault maps discovered:
D:1:      mrwooster_arrival_statue_3, layout_basic, serial_shops, shop,
          dreamdust_ecumenical_altar_angels_and_demons
D:2:      layout_basic, basic_altar
D:3:      layout_basic, gammafunk_temple_overflow_wave
D:4:      layout_gridville, mainiacjoe_overflow_concentric_impassable
D:5:      layout_basic, xom_teletrap_fun, minmay_pentangle
D:6:      layout_basic, mainiacjoe_overflow_brackets,
          minmay_temple_entry_enclosed_plants, uniq_blork_the_orc
D:7:      layout_cave_pools
D:8:      layout_gridville, amcnicky_altar_gilded, lair_entry_dummy,
          dreamdust_mushroom_princess, uniq_maurice, uniq_erica
D:9:      layout_long_grid, nicolae_overflow_hidden_temple
Lair:1:   layout_regular_city, serial_bayou_shore_b
Lair:2:   layout_misc_corridors, elwin_shoals_entry_stream,
          spider_nest_entry_web_field, patterned_corridor, lemuel_fruit_tree
Lair:3:   layout_cave_shapes, serial_bayou_shore_a, uniq_nessos, uniq_fannar

Skill      XL: |  1  2  3  4  5  6  7  8  9 10 11 12 |
---------------+-------------------------------------+-----
Maces & Flails | 3 4 5 6 7 9 11 12 13 | 13.0
Armour         | 4 5 6 7 8 |  8.7
Throwing       | 1 2 3 4 5 |  5.7
Shields        | 5 |  5.9
Fighting       | 4 5 6 7 |  7.5
Evocations     | 1 3 4 5 |  5.3
Invocations    | 1 3 4 6 |  6.3
Stealth        | |  0.1

Action                     |  1- 3 |  4- 6 |  7- 9 | 10-12 || total
---------------------------+-------+-------+-------+-------++-------
  Melee: Flail             |   104 |   161 |   333 |       ||   598
         Giant spiked club |       |       |    31 |   196 ||   227
  Throw: Dart              |       |     4 |     5 |     2 ||    11
         Boomerang         |       |     1 |    23 |     3 ||    27
         Throwing net      |       |     1 |       |       ||     1
         Javelin           |       |       |       |     1 ||     1
 Invoke: Heroism           |       |       |     2 |     2 ||     4
Ability: Dig               |       |       |       |     1 ||     1
  Evoke: Wand              |       |       |       |     3 ||     3
    Use: Potion            |     2 |     2 |     6 |     3 ||    13
         Scroll            |     5 |     6 |     9 |     5 ||    25
 Armour: Scale mail        |    51 |    20 |       |       ||    71
         Crystal plate arm |       |    68 |   240 |   165 ||   473
  Dodge: Dodged            |    52 |    39 |    65 |    50 ||   206
  Block: Buckler           |    41 |    37 |    64 |       ||   142
